ESL (28 & UNDER)
READING RAINBOWS @ RIO GRANDE RATTLESNAKE
08/25/2030
 
TOP OF THE 1ST
Reading Rainbows batting - Pitching for Rio Grande Rattlesnake : RHP Alejandro Guzmán
Pitching: RHP Alejandro Guzmán
Batting: LHB Ismael Barajas 0-0: Ball
1-0: Called Strike
1-1: Ball
2-1: Fly out, F9 (Flyball, 89D)
Batting: RHB José Moreno 0-0: Ball
1-0: Foul Ball, location: 2F
1-1: Ball
2-1: Foul Ball, location: 2F
2-2: Foul Ball, location: 2F
2-2: Strikes out swinging
Batting: RHB Ethan Moore 0-0: Ball
1-0: Foul Ball, location: 2F
1-1: Ball
2-1: Called Strike
2-2: Ball
3-2: Foul Ball, location: 2F
3-2: Base on Balls
Batting: RHB Allen Hobbs 0-0: Foul Ball, location: 2F
0-1: Called Strike
0-2: Ball
1-2: Fielders Choice at 2nd, 6-4 (Groundball, 6)
Top of the 1st over - 0 runs, 0 hits, 0 errors, 1 left on base; Reading 0 - Rio Grande 0
BOTTOM OF THE 1ST
Rio Grande Rattlesnake batting - Pitching for Reading Rainbows : RHP Paul Orr
Pitching: RHP Paul Orr
Batting: LHB José Garza 0-0: Foul Ball, location: 2F
0-1: Swinging Strike
0-2: Ball
1-2: Ball
2-2: Foul Ball, location: 2F
2-2: Ground out 4-3 (Groundball, 4)
Batting: RHB Jeff Bane 0-0: SINGLE (Line Drive, 7S)
Batting: LHB Sean Nicks 0-0: Called Strike
Jeff Bane steals 2nd base
0-1: Fly out, F9 (Flyball, 9S)
Batting: LHB Claudio Rodríguez 0-0: Foul Ball, location: 2F
0-1: Called Strike
0-2: Foul Ball, location: 2F
0-2: Ball
1-2: Fly out, F9 (Flyball, 9S)
Bottom of the 1st over - 0 runs, 1 hit, 0 errors, 1 left on base; Reading 0 - Rio Grande 0
TOP OF THE 2ND
Reading Rainbows batting - Pitching for Rio Grande Rattlesnake : RHP Alejandro Guzmán
Batting: RHB Edmund Swanson 0-0: Ball
1-0: Called Strike
1-1: Swinging Strike
1-2: Ball
2-2: Foul Ball, location: 2F
2-2: Strikes out swinging
Batting: RHB Richard Case 0-0: Ball
1-0: Ball
2-0: Fly out, F9 (Line Drive, 9S)
Batting: RHB Carlos Palomón 0-0: Foul Ball, location: 2F
0-1: Ball
1-1: Foul Ball, location: 2F
1-2: Strikes out swinging
Top of the 2nd over - 0 runs, 0 hits, 0 errors, 0 left on base; Reading 0 - Rio Grande 0
BOTTOM OF THE 2ND
Rio Grande Rattlesnake batting - Pitching for Reading Rainbows : RHP Paul Orr
Batting: LHB Shawn Brown 0-0: Called Strike
0-1: Ball
1-1: Ball
2-1: Ball
3-1: Base on Balls
Batting: RHB David Suarze 0-0: Swinging Strike
0-1: Ball
Shawn Brown steals 2nd base
1-1: Ball
2-1: Foul Ball, location: 2F
2-2: Ball
3-2: 2-RUN HOME RUN (Flyball, 7LD), Distance : 340 ft
Batting: SHB Arnold Moore 0-0: Ball
1-0: Ball
2-0: Called Strike
2-1: Swinging Strike
2-2: Foul Ball, location: 2F
2-2: SOLO HOME RUN (Flyball, 9D), Distance : 348 ft
Batting: LHB Pedro Díaz 0-0: Ball
1-0: Foul Ball, location: 2F
1-1: Foul Ball, location: 2F
1-2: Ground out U3 (Groundball, 34S)
Batting: RHB Derek Hartman 0-0: Swinging Strike
0-1: Swinging Strike
0-2: Ball
1-2: Strikes out swinging
Batting: LHB José Garza 0-0: Ball
1-0: Fly out, F3 (Line Drive, 3)
Bottom of the 2nd over - 3 runs, 2 hits, 0 errors, 0 left on base; Reading 0 - Rio Grande 3
TOP OF THE 3RD
Reading Rainbows batting - Pitching for Rio Grande Rattlesnake : RHP Alejandro Guzmán
Batting: LHB Dennis McConnell 0-0: Called Strike
0-1: Ball
1-1: Ball
2-1: Called Strike
2-2: Foul Ball, location: 2F
2-2: Foul Ball, location: 2F
2-2: Ball
3-2: Foul Ball, location: 2F
3-2: Strikes out swinging
Batting: SHB Johnny Jackson 0-0: Fly out, F6 (Line Drive, 6)
Batting: LHB Ismael Barajas 0-0: Called Strike
0-1: Swinging Strike
0-2: Foul Ball, location: 2F
0-2: Ball
1-2: Ground out 4-3 (Groundball, 4M)
Top of the 3rd over - 0 runs, 0 hits, 0 errors, 0 left on base; Reading 0 - Rio Grande 3
BOTTOM OF THE 3RD
Rio Grande Rattlesnake batting - Pitching for Reading Rainbows : RHP Paul Orr
Batting: RHB Jeff Bane 0-0: Ball
1-0: Ground out 5-3 (Groundball, 56)
Batting: LHB Sean Nicks 0-0: Called Strike
0-1: SINGLE (Groundball, 34S) (infield hit)
Batting: LHB Claudio Rodríguez 0-0: Ball
1-0: Ball
2-0: Called Strike
2-1: Swinging Strike
2-2: Foul Ball, location: 2F
2-2: Strikes out swinging
Batting: LHB Shawn Brown 0-0: Called Strike
0-1: Called Strike
0-2: Strikes out looking
Bottom of the 3rd over - 0 runs, 1 hit, 0 errors, 1 left on base; Reading 0 - Rio Grande 3
TOP OF THE 4TH
Reading Rainbows batting - Pitching for Rio Grande Rattlesnake : RHP Alejandro Guzmán
Batting: RHB José Moreno 0-0: Ground out 5-3 (Groundball, 5)
Batting: RHB Ethan Moore 0-0: Called Strike
0-1: Ball
1-1: Ball
2-1: Swinging Strike
2-2: Ball
3-2: Strikes out looking
Batting: RHB Allen Hobbs 0-0: Ball
1-0: SINGLE (Flyball, 7LS)
Batting: RHB Edmund Swanson 0-0: Ball
Allen Hobbs is caught stealing 2nd base
Top of the 4th over - 0 runs, 1 hit, 0 errors, 0 left on base; Reading 0 - Rio Grande 3
BOTTOM OF THE 4TH
Rio Grande Rattlesnake batting - Pitching for Reading Rainbows : RHP Paul Orr
Batting: RHB David Suarze 0-0: Called Strike
0-1: Ball
1-1: Ball
2-1: Ball
3-1: SOLO HOME RUN (Line Drive, 78XD), Distance : 373 ft
Batting: SHB Arnold Moore 0-0: Called Strike
0-1: Swinging Strike
0-2: Ball
1-2: Ball
2-2: Foul Ball, location: 2F
2-2: Ball
3-2: Strikes out looking
Batting: LHB Pedro Díaz 0-0: Ball
1-0: Foul Ball, location: 2F
1-1: Ground out U3 (Groundball, 3)
Batting: RHB Derek Hartman 0-0: Called Strike
0-1: Foul Ball, location: 2F
0-2: Foul Ball, location: 2F
0-2: Ball
1-2: Strikes out swinging
Bottom of the 4th over - 1 run, 1 hit, 0 errors, 0 left on base; Reading 0 - Rio Grande 4
TOP OF THE 5TH
Reading Rainbows batting - Pitching for Rio Grande Rattlesnake : RHP Alejandro Guzmán
Batting: RHB Edmund Swanson 0-0: Ground out 5-3 (Groundball, 56S)
Batting: RHB Richard Case 0-0: DOUBLE (Line Drive, 89D)
Batting: RHB Carlos Palomón 0-0: Ball
1-0: Called Strike
1-1: Ball
2-1: Ball
3-1: Called Strike
3-2: SINGLE (Line Drive, 89S)
Richard Case to third
Batting: LHB Dennis McConnell 0-0: Ball
Carlos Palomón steals 2nd base
1-0: Ball
2-0: Foul Ball, location: 2F
2-1: Foul Ball, location: 2F
2-2: 3-RUN HOME RUN (Flyball, 9D), Distance : 367 ft
Batting: SHB Johnny Jackson 0-0: Ball
1-0: SINGLE (Groundball, 6MD)
Batting: LHB Ismael Barajas 0-0: Ball
1-0: Ball
2-0: Ball
3-0: Called Strike
3-1: SINGLE (Line Drive, 9LS)
Johnny Jackson to second
Batting: RHB José Moreno 0-0: Called Strike
0-1: Ball
1-1: Called Strike
1-2: Foul Ball, location: 2F
1-2: Ball
2-2: Strikes out looking
Batting: RHB Ethan Moore 0-0: Ball
1-0: Foul Ball, location: 2F
1-1: Foul Ball, location: 2F
1-2: Ball
2-2: Foul Ball, location: 2F
2-2: Strikes out swinging
Top of the 5th over - 3 runs, 5 hits, 0 errors, 2 left on base; Reading 3 - Rio Grande 4
BOTTOM OF THE 5TH
Rio Grande Rattlesnake batting - Pitching for Reading Rainbows : RHP Paul Orr
Batting: LHB José Garza 0-0: Ball
1-0: Ball
2-0: Bunt for hit - play at first, batter safe!
Batting: RHB Jeff Bane 0-0: Ball
1-0: Ball
2-0: SINGLE (Groundball, 4MD)
José Garza to second
Batting: LHB Sean Nicks 0-0: Ball
1-0: Foul Ball, location: 2F
1-1: Grounds into double play, 1-6-3 (Groundball, 13)
José Garza to third
Batting: LHB Claudio Rodríguez 0-0: Ball
1-0: Fly out, F8 (Flyball, 89D)
Bottom of the 5th over - 0 runs, 2 hits, 0 errors, 1 left on base; Reading 3 - Rio Grande 4
TOP OF THE 6TH
Reading Rainbows batting - Pitching for Rio Grande Rattlesnake : RHP Alejandro Guzmán
Batting: RHB Allen Hobbs 0-0: Ball
1-0: Ball
2-0: Called Strike
2-1: Ball
3-1: Base on Balls
Batting: RHB Edmund Swanson 0-0: Ball
Wild Pitch!
Allen Hobbs to second
1-0: Foul Ball, location: 2F
1-1: Called Strike
1-2: Foul Ball, location: 2F
1-2: Strikes out swinging
Batting: RHB Richard Case 0-0: Called Strike
Allen Hobbs steals 3rd base
0-1: Ball
1-1: Foul Ball, location: 2F
1-2: Strikes out swinging, 2-3 out at first.
Batting: RHB Carlos Palomón 0-0: Ball
1-0: Called Strike
1-1: Foul Ball, location: 2F
1-2: Foul Ball, location: 2F
1-2: Ball
2-2: Strikes out swinging
Top of the 6th over - 0 runs, 0 hits, 0 errors, 1 left on base; Reading 3 - Rio Grande 4
BOTTOM OF THE 6TH
Rio Grande Rattlesnake batting - Pitching for Reading Rainbows : RHP Paul Orr
Batting: LHB Shawn Brown 0-0: Called Strike
0-1: Foul Ball, location: 2F
0-2: Ball
1-2: Ball
2-2: Ball
3-2: Base on Balls
Batting: RHB David Suarze 0-0: Ball
1-0: Ball
2-0: Ball
3-0: Called Strike
3-1: Swinging Strike
3-2: Base on Balls
Shawn Brown to second
Pitching: RHP Jesús Manuel
Batting: SHB Arnold Moore 0-0: Ball
1-0: Called Strike
1-1: Swinging Strike
1-2: Foul Ball, location: 2F
1-2: Ground out U3 (Groundball, 2R)
Shawn Brown to third
David Suarze to second
Batting: LHB Pedro Díaz 0-0: Called Strike
0-1: Ball
1-1: SINGLE (Flyball, 78S) - OUT at second base trying to stretch hit.
Shawn Brown scores
David Suarze scores
Batting: RHB Derek Hartman 0-0: Foul Ball, location: 2F
0-1: Ball
1-1: Foul Ball, location: 2F
1-2: Strikes out swinging
Bottom of the 6th over - 2 runs, 1 hit, 0 errors, 0 left on base; Reading 3 - Rio Grande 6
TOP OF THE 7TH
Reading Rainbows batting - Pitching for Rio Grande Rattlesnake : RHP Alejandro Guzmán
Pitching: RHP José Estrada
Batting: LHB Dennis McConnell 0-0: Called Strike
0-1: Ball
1-1: Ball
2-1: Foul Ball, location: 2F
2-2: Strikes out swinging
Batting: SHB Johnny Jackson 0-0: Called Strike
0-1: Ball
1-1: Ball
2-1: Foul Ball, location: 2F
2-2: Ball
3-2: Foul Ball, location: 2F
3-2: Foul Ball, location: 2F
3-2: Foul Ball, location: 2F
3-2: Fly out, F5 (Popup, 5SF)
Batting: LHB Ismael Barajas 0-0: Called Strike
0-1: Foul Ball, location: 2F
0-2: Ball
1-2: Ground out 6-3 (Groundball, 6)
Top of the 7th over - 0 runs, 0 hits, 0 errors, 0 left on base; Reading 3 - Rio Grande 6
BOTTOM OF THE 7TH
Rio Grande Rattlesnake batting - Pitching for Reading Rainbows : RHP Jesús Manuel
Batting: LHB José Garza 0-0: Called Strike
0-1: Foul Ball, location: 2F
0-2: Ball
1-2: Reached on error, E5 (Groundball, 56)
Batting: RHB Jeff Bane 0-0: Ball
1-0: Ball
2-0: Ball
3-0: Base on Balls
Batting: LHB Sean Nicks 0-0: Ball
1-0: Swinging Strike
1-1: Swinging Strike
1-2: Ball
2-2: Fly out, F8 (Flyball, 8RXD)
Runner from 2nd tags up, SAFE at 3rd, no throw
Batting: LHB Claudio Rodríguez 0-0: Ball
1-0: Ball
Jeff Bane steals 2nd base
2-0: Fly out, F9 (Flyball, 9S)
Runner from 3rd tags up, SCORES, throw made
Batting: LHB Shawn Brown 0-0: Called Strike
0-1: Fly out, F8 (Flyball, 8RM)
Bottom of the 7th over - 1 run, 0 hits, 1 error, 1 left on base; Reading 3 - Rio Grande 7
TOP OF THE 8TH
Reading Rainbows batting - Pitching for Rio Grande Rattlesnake : RHP José Estrada
Batting: RHB José Moreno 0-0: Ball
1-0: Ball
2-0: Ball
3-0: Called Strike
3-1: SINGLE (Groundball, 34D)
Batting: RHB Ethan Moore 0-0: Called Strike
0-1: Fly out, F9 (Flyball, 9)
Batting: RHB Allen Hobbs 0-0: Ball
1-0: Ball
2-0: Foul Ball, location: 2F
2-1: Foul Ball, location: 2F
2-2: Fielders Choice at 2nd, 1-6 (Groundball, 13S)
Batting: RHB Edmund Swanson 0-0: Ball
1-0: Foul Ball, location: 2F
1-1: Ball
2-1: Swinging Strike
2-2: Strikes out swinging
Top of the 8th over - 0 runs, 1 hit, 0 errors, 1 left on base; Reading 3 - Rio Grande 7
BOTTOM OF THE 8TH
Rio Grande Rattlesnake batting - Pitching for Reading Rainbows : RHP Jesús Manuel
Batting: RHB David Suarze 0-0: Ball
1-0: SINGLE (Groundball, 34S) (infield hit)
Batting: SHB Arnold Moore Pickoff Throw to First - Out!
0-0: Ball
1-0: Foul Ball, location: 2F
1-1: Ball
2-1: Foul Ball, location: 2F
2-2: Ball
3-2: Foul Ball, location: 2F
3-2: Ground out 4-3 (Groundball, 34)
Batting: LHB Pedro Díaz 0-0: Called Strike
0-1: Fly out, F4 (Line Drive, 4)
Bottom of the 8th over - 0 runs, 1 hit, 0 errors, 0 left on base; Reading 3 - Rio Grande 7
TOP OF THE 9TH
Reading Rainbows batting - Pitching for Rio Grande Rattlesnake : RHP José Estrada
Pitching: LHP Manuel Encarnación
Batting: RHB Richard Case 0-0: Ball
1-0: Called Strike
1-1: Foul Ball, location: 2F
1-2: Ball
2-2: Ball
3-2: Strikes out swinging
Batting: RHB Carlos Palomón 0-0: Ball
1-0: Called Strike
1-1: Swinging Strike
1-2: Strikes out swinging
Batting: LHB Dennis McConnell 0-0: Ground out 4-3 (Groundball, 4)
Top of the 9th over - 0 runs, 0 hits, 0 errors, 0 left on base; Reading 3 - Rio Grande 7
Saturday, April 7th, 2018 - OOTP Baseball 18.8 Build 76